 Dungeon Crawl Stone Soup version 0.30-a0-335-ge5acde7520 (webtiles) character file.

Game seed: 4546437776089931926

48 jfcaron the Chopper (level 3, -1/31 HPs)
             Began as a Hill Orc Reaver on Oct 30, 2022.
             Slain by an orc
             ... wielding a +0 falchion
              (4 damage)
             ... on level 3 of the Dungeon.
             The game lasted 00:03:02 (1678 turns).

jfcaron the Chopper (Hill Orc Reaver)               Turns: 1678, Time: 00:03:02

Health: -1/31      AC:  5    Str: 16    XL:     3   Next: 72%
Magic:  5/5        EV: 10    Int: 13    God:
Gold:   145        SH:  0    Dex:  9    Spells: 2/5 levels left

rFire   . . .      SeeInvis .    a - +0 hand axe
rCold   . . .      Faith    .    (no shield)
rNeg    . . .      Spirit   .    g - +0 ring mail
rPois   .          Reflect  .    (no helmet)
rElec   .          Harm     .    (no cloak)
rCorr   .          Rampage  .    (no gloves)
Will    .....                    (no boots)
Stlth   ..........               (no amulet)
HPRegen 0.25/turn                (no ring)
MPRegen 0.09/turn                (no ring)

@: no status effects
A: no striking features
a: no special abilities


You were on level 3 of the Dungeon.
You visited 1 branch of the dungeon, and saw 3 of its levels.

You collected 145 gold pieces.

Inventory:

Hand Weapons
 a - a +0 hand axe (weapon)
Missiles
 c - 9 stones
 h - 3 boomerangs
 j - a javelin
 k - 4 poisoned darts
Armour
 b - a +0 leather armour
 g - a +0 ring mail (worn)
Magical Staves
 f - a staff of earth
Wands
 m - a wand of paralysis (6)
Scrolls
 d - a scroll of teleportation {unknown}
Potions
 e - a potion of degeneration {unknown}
 i - 2 potions of heal wounds {unknown}
 l - 2 potions of ambrosia {unknown}


   Skills:
 + Level 3.4 Fighting
 + Level 4.8 Axes
 + Level 1.8 Armour
 - Level 1.5 Dodging
 - Level 1.5 Spellcasting
 - Level 3.0 Conjurations


You had 2 spell levels left.
You knew the following spells:

 Your Spells              Type           Power      Damage    Failure   Level
a - Kiss of Death         Conj/Necr      16%        2d6       26%         1
b - Blink                 Tloc           2%         N/A       58%         2

Your spell library contained the following spells:

 Spells                   Type           Power      Damage    Failure   Level
 Momentum Strike          Conj/Tloc      8%         3d8       38%         2
 Necrotise                Necr           4%         1d4       45%         1
 Hailstorm                Conj/Ice       4%         3d4       63%         3
 Lesser Beckoning         Tloc           2%         N/A       83%         3
 Ozocubu's Armour         Ice            1%         N/A       83%         3
 Vampiric Draining        Necr           1%         2d6       83%         3
 Agony                    Necr           1%         N/A       100%        5
 Metabolic Englaciation   Hex/Ice        0%         N/A       100%        5
 Simulacrum               Ice/Necr       0%         N/A       100%        6


Dungeon Overview and Level Annotations

Branches:
Dungeon (3/15)

Altars:
Zin


Message History

The orc is almost dead.
An orc comes into view. It is wielding a +0 short sword.
The orc hits you with a +0 falchion.
You barely miss the orc.
The orc is almost dead.
The orc shouts!
The orc hits you with a +0 falchion.
You hit the orc but do no damage.
The orc is almost dead.
The orc hits you with a +0 falchion.
You are too injured to fight recklessly!
The orc attacks as you move away! The orc hits you with a +0 falchion.
The orc wizard mumbles some strange words.
The orc wizard flickers and vanishes!
Deactivating autopickup; reactivate with Ctrl-A.
The orc attacks as you move away! The orc hits you but does no damage.
You closely miss the orc.
The orc is almost dead.
The orc hits you with a +0 falchion.
You hit the orc but do no damage.
The orc is almost dead.
The orc hits you but does no damage. The orc attacks as you move away!
The orc hits you with a +0 falchion. The orc attacks as you move away!
The orc hits you but does no damage. The orc attacks as you move away!
The orc closely misses you. The orc attacks as you move away!
The orc hits you but does no damage. The orc attacks as you move away!
The orc closely misses you. The orc attacks as you move away!
The orc hits you with a +0 falchion!
* * * LOW HITPOINT WARNING * * *
You see here a bat corpse.
The orc attacks as you move away! The orc barely misses you.
The orc attacks as you move away! The orc hits you with a +0 falchion.
* * * LOW HITPOINT WARNING * * *
The orc attacks as you move away! The orc hits you with a +0 falchion.
* * * LOW HITPOINT WARNING * * *
The orc attacks as you move away! The orc barely misses you.
The orc attacks as you move away! The orc hits you with a +0 falchion.
* * * LOW HITPOINT WARNING * * *
The orc attacks as you move away! The orc hits you with a +0 falchion.
You die...

#.# #.# ...#.#
#.# #..#.# #.#
...... .# #.#
#..#.# #.# #.#
#..#.# #.####.###
#..#.# #.#.<....#
#..#.# #.#@##..##
#..#.###.#o#...#
#......#.#.#..###
#........#......#
#...####.###.####
#...o......#.#
#.#.#####..#.#
#†#.#####..#.#
#.#....>.....#


You could see an orc.

Vanquished Creatures
  2 adders (D:2)
  A dart slug (D:1)
  2 endoplasms
  2 giant cockroaches
  4 goblins (D:2)
  A hobgoblin (D:2)
  2 ball pythons (D:1)
  7 bats
  2 frilled lizards (D:2)
  A kobold (D:1)
  4 rats
28 creatures vanquished.

Notes
Turn   | Place    | Note
-------+----------+-------------------------------------------
     0 | D:1      | jfcaron the Hill Orc Reaver began the quest for the Orb.
     0 | D:1      | Reached XP level 1. HP: 18/18 MP: 3/3
   285 | D:1      | Reached XP level 2. HP: 25/25 MP: 4/4
   546 | D:1      | Reached skill level 1 in Armour
  1044 | D:2      | Found a glowing silver altar of Zin.
  1161 | D:2      | Reached XP level 3. HP: 25/31 MP: 5/5
  1516 | D:2      | Learned a level 2 spell: Blink
  1677 | D:3      | HP: 2/31 [orc/+0 falchion (6)]
  1678 | D:3      | Slain by an orc

Illustrated notes

Levels and vault maps discovered:
D:1:      minmay_arrival_five_plusses, layout_basic, hangedman_glass_teeth
D:2:      layout_loops_ring, basic_altar
D:3:      layout_basic

Skill      XL: |  1  2 |
---------------+-------+-----
Armour         | 1 |  1.8
Fighting       | 3 |  3.4
Axes           | |  4.8
Dodging        | |  1.5
Spellcasting   | |  1.5
Conjurations   | |  3.0

Action                   || total
-------------------------++-------
Melee: Hand axe          ||   101
       Punch             ||     1
Throw: Javelin           ||     2
Armor: Leather armour    ||     7
       Ring mail         ||    41
Dodge: Dodged            ||    60

Table legend: (Time is in decaauts)
 A = Elapsed time spent in this place.
 B = Non-inter-level travel time spent in this place.
 C = Inter-level travel time spent in this place.
 D = Time resting spent in this place.
 E = Time spent auto-exploring this place.
 F = Levels seen in this place.
 G = Mean time per level.
                   A        B        C        D        E       F      G
               +--------+--------+--------+--------+--------+-----+--------+
         Total |   1686 |   1600 |     86 |     48 |   1274 |   3 |  562.0 |
       Dungeon |   1686 |   1600 |     86 |     48 |   1274 |   3 |  562.0 |
               +--------+--------+--------+--------+--------+-----+--------+

Top non-repeatable levels by time:
     D:1: 817 daAuts
     D:2: 766 daAuts
     D:3: 102 daAuts
